 Dungeon Sprint DCSS version 0.19.1 (webtiles) character file.

3445 equalderp2856 the Eviscerator (level 9, -5/45 HPs)
             Began as a Felid Fighter on Nov 27, 2016.
             Was a High Priest of Nemelex Xobeh.
             Shot with a bolt by a naga sharpshooter (26 damage)
             ... in the Dungeon (Sprint IX: "|||||||||||||||||||||||||||||").
             The game lasted 00:16:12 (4740 turns).

equalderp2856 the Eviscerator (Felid Fighter)       Turns: 4740, Time: 00:16:13

Health: -5/45      AC:  2    Str: 16    XL:     9   Next: 77%
Magic:  14/15      EV: 33    Int: 11    God:    Nemelex Xobeh [*****.]
Gold:   1614       SH:  0    Dex: 20    Spells: 0 memorised, 8 levels left
                                        Lives:  0   Deaths: 3

rFire  . . .     SeeInvis +       - Unarmed
rCold  . . .     Gourm    .     (armour unavailable)
rNeg   . . .     Faith    .     (shield unavailable)
rPois  .         Spirit   .     (helmet unavailable)
rElec  .         Reflect  .     (cloak unavailable)
rCorr  .         Harm     .     (gloves unavailable)
MR     +....     NoTele   +     (boots unavailable)
Stlth  ++++++....               (no amulet)
                                o - +3 ring of strength
                                n - +3 ring of dexterity

@: quick
A: no armour, no weapons or thrown items, stealth, claws 1, fangs 3, see
invisible, carnivore 3, speed 1, shaggy fur 2, slow metabolism 1, sharp paws
a: Triple Draw, Deal Four, Stack Five, Renounce Religion


You were in the Dungeon.
You worshipped Nemelex Xobeh.
Nemelex Xobeh was extremely pleased with you.
You were not hungry.

You visited 1 branch You collected 1913 gold pieces.
You spent 299 gold pieces at shops.

Inventory:

Jewellery
 n - a +3 ring of dexterity (left paw)
 o - a +3 ring of strength (right paw)
 y - an uncursed ring of protection from cold
 z - an uncursed ring of fire
 A - an uncursed ring of protection from magic
Wands
 m - a wand of acid (7/15)
Scrolls
 h - 4 scrolls of blinking
 k - 5 scrolls of remove curse
 l - 2 scrolls of amnesia
 s - a scroll of fog
 t - 4 scrolls of fear
Potions
 a - a potion of might
 c - 5 potions of curing
 d - 10 potions of heal wounds
 e - 2 potions of haste
 f - 4 potions of magic
 g - 2 potions of berserk rage
 j - a potion of invisibility
 q - a potion of brilliance
 r - a potion of agility
 C - a potion of cure mutation
Miscellaneous
 i - a plain deck of escape {drawn: 3}
 p - an ornate deck of summoning {drawn: 4}
 v - a plain deck of escape
 w - a legendary deck of summoning {drawn: 3}
 x - a legendary deck of summoning
 B - a plain deck of destruction
Comestibles
 b - 11 meat rations


   Skills:
 + Level 9.0 Fighting
 + Level 15.7 Dodging
 + Level 12.2 Stealth
 + Level 21.8 Unarmed Combat
 + Level 6.6 Invocations


You had 8 spell levels left.
You didn't know any spells.

Dungeon Overview and Level Annotations

Branches:
Dungeon (1/1)

Altars:
Cheibriados
Dithmenos
Elyvilon
Fedhas
Gozag
Hepliaklqana
Kikubaaqudgha
Makhleb
Nemelex Xobeh
Okawaru
Qazlal
Ru
Sif Muna
Trog
Uskayaw
Vehumet
Xom
Yredelemnul
Zin
The Shining One
Beogh
Jiyva
Lugonu

Shops:
D *(!(


Innate Abilities, Weirdness & Mutations

You cannot wear armour.
You are incapable of wielding weapons or throwing items.
Your paws allow you to move quietly. (Stealth)
You have sharp claws.
You have razor-sharp teeth.
You have supernaturally acute eyesight. (SInv)
You are carnivorous and can eat meat at any time.
You cover ground quickly.
You are covered in thick fur. (AC +2)
You have a slow metabolism.
Your sharp claws are effective at attacking unaware monsters.


Message History

The guardian serpent casts a spell.
The black mamba blinks!
The black mamba completely misses you. The black mamba completely misses you.
The black mamba bites you.
Your yaktaur wields an arbalest.
Your yaktaur shoots a bolt.
The bolt closely misses the black mamba.
The bolt completely misses you.
The bolt closely misses the black mamba.
The bolt disappears in a puff of smoke!
The black mamba barely misses you.
The guardian serpent casts a spell at you.
Your hell hound seems to slow down.
You scratch the black mamba. Your bite misses the black mamba.
The black mamba is heavily wounded.
The black mamba completely misses you. x2
The naga sharpshooter gestures wildly while chanting.
The naga sharpshooter magically shoots a bolt.
The bolt hits you!!
Ouch! That really hurt!
You die...
Your body glows with a rainbow of weird colours and disappears.

.▓.▓.▓.▓)▓.▓
▓.▓
.▓.▓'▓.▓)▓)▓
▓N▓
.▓.▓%▓.▓)▓.▓
▓S▓
.▓.▓.▓.▓.▓.▓
▓h▓
.▓.▓[▓.▓.▓C▓
▓c▓
'▓.▓[▓.▓'▓†▓
▓(▓
.▓.▓[▓)▓.▓.▓
▓(▓
.▓.▓[▓.▓.▓.▓
▓S▓.▓
)▓.▓.▓.▓.▓(▓
▓@▓.▓
.▓.▓.▓.▓.▓.▓
▓S▓.▓
.▓.▓'▓.▓.▓.▓
▓.▓.▓
.▓.▓.▓.▓.▓.▓
▓.▓.▓
'▓.▓.▓.▓.▓.▓
▓.▓.▓
.▓.▓.▓.▓.▓.▓
▓.▓.▓
...▓...▓...▓
▓...▓
▓▓▓▓▓▓▓▓▓▓▓▓
▓▓▓▓▓


You could see a naga sharpshooter, a guardian serpent, 2 black mambas, a
friendly yaktaur and a friendly hell hound.

Vanquished Creatures
  A stone giant (D)
  A hydra (D)
  A death drake (shapeshifter) (D)
  A hill giant (D)
  7 orc knights (D)
  2 deep elf magi (D)
  A black mamba (D)
  Joseph (D)
  2 spiny frogs (D)
  A rime drake (D)
  A troll (D)
  A blink frog (D)
  2 hippogriffs (D)
  A wraith (D)
  A yak (D)
  3 wargs (D)
  A hell hound (D)
  3 porcupines (D)
  3 water moccasins (D)
  A sky beast (D)
  11 orc warriors (D)
  An eye of draining (D)
  3 wolves (D)
  A boggart (D)
  A crocodile (D)
  3 bullfrogs (D)
  3 crimson imps (D)
  A quasit (D)
  A hound (D)
  3 orc priests (D)
  5 orc wizards (D)
  A hell rat (shapeshifter) (D)
  3 worker ants (D)
  An adder (D)
  An adder skeleton (D)
  3 leopard geckos (D)
  7 orcs (D)
  A bat (D)
  A hobgoblin (D)
  A kobold (D)
87 creatures vanquished.

Vanquished Creatures (collateral kills)
  2 orc knights (D)
  A mana viper (D)
  A basilisk (D)
  A hell hound (D)
  2 orc warriors (D)
  An eye of draining (D)
  An ice beast (D)
  A centaur (D)
10 creatures vanquished.

Vanquished Creatures (others)
  An orc knight (D)
  An orc warrior (D)
2 creatures vanquished.

Grand Total: 99 creatures vanquished

Notes
Turn   | Place    | Note
-------+----------+-------------------------------------------
     0 | D        | equalderp2856 the Felid Fighter began the quest for the Orb.
     0 | D        | Reached XP level 1. HP: 10/10 MP: 2/2
    16 | D        | Reached skill level 5 in Unarmed Combat
    25 | D        | Noticed a crimson imp
    25 | D        | Noticed a hound
    25 | D        | Noticed a crimson imp
    37 | D        | Killed a crimson imp
    37 | D        | Reached skill level 5 in Dodging
    37 | D        | Reached skill level 6 in Unarmed Combat
    37 | D        | Reached XP level 2. HP: 11/15 MP: 3/3
    37 | D        | Reached XP level 3. HP: 14/18 MP: 4/4
    43 | D        | Reached skill level 7 in Unarmed Combat
    43 | D        | Reached XP level 4. HP: 11/22 MP: 5/5
    53 | D        | Reached skill level 5 in Fighting
    53 | D        | Reached skill level 8 in Unarmed Combat
   259 | D        | Found a roughly hewn altar of Beogh.
   259 | D        | Found a snail-covered altar of Cheibriados.
   259 | D        | Found a shadowy altar of Dithmenos.
   259 | D        | Found a white marble altar of Elyvilon.
   259 | D        | Found a blossoming altar of Fedhas.
   259 | D        | Found an opulent altar of Gozag.
   260 | D        | Found a hazy altar of Hepliaklqana.
   261 | D        | Found a viscous altar of Jiyva.
   262 | D        | Found an ancient bone altar of Kikubaaqudgha.
   263 | D        | Found a corrupted altar of Lugonu.
   264 | D        | Found a burning altar of Makhleb.
   265 | D        | Found a sparkling altar of Nemelex Xobeh.
   266 | D        | Found an iron altar of Okawaru.
   267 | D        | Found a stormy altar of Qazlal.
   268 | D        | Found a sacrificial altar of Ru.
   269 | D        | Found a deep blue altar of Sif Muna.
   270 | D        | Found a bloodstained altar of Trog.
   271 | D        | Found a hide-covered altar of Uskayaw.
   272 | D        | Found a radiant altar of Vehumet.
   273 | D        | Became a worshipper of Nemelex Xobeh the Trickster
   274 | D        | Found a shimmering altar of Xom.
   275 | D        | Found a basalt altar of Yredelemnul.
   276 | D        | Found a glowing silver altar of Zin.
   277 | D        | Found a glowing golden altar of the Shining One.
   278 | D        | Received a gift from Nemelex Xobeh
   311 | D        | Noticed a sky beast
   311 | D        | Noticed a hill giant
   316 | D        | Killed a sky beast
   316 | D        | Reached skill level 9 in Unarmed Combat
   316 | D        | Reached XP level 5. HP: 18/27 MP: 6/6
   384 | D        | Killed a hill giant
   384 | D        | Reached skill level 10 in Dodging
   384 | D        | Reached skill level 12 in Unarmed Combat
   384 | D        | Gained mutation: You are covered in thick fur. (AC +2) [Felid growth]
   384 | D        | Reached XP level 6. HP: 28/33 MP: 7/7
   384 | D        | Reached XP level 7. HP: 30/36 MP: 8/8
   394 | D        | Reached skill level 13 in Unarmed Combat
   451 | D        | Noticed a troll
   451 | D        | Noticed a deep elf mage
   460 | D        | Killed a troll
   460 | D        | Reached skill level 1 in Stealth
   460 | D        | Reached XP level 8. HP: 11/40 MP: 9/9
   463 | D        | Reached skill level 14 in Unarmed Combat
   478 | D        | Killed a deep elf mage
   540 | D        | Reached * piety under Nemelex Xobeh
   544 | D        | Received a gift from Nemelex Xobeh
   602 | D        | Reached ** piety under Nemelex Xobeh
   647 | D        | Noticed a rime drake
   647 | D        | Noticed a four-headed hydra
   647 | D        | Noticed a blink frog
   647 | D        | Noticed a spiny frog
   656 | D        | Slain by a four-headed hydra
   657 | D        | Reached XP level 7. HP: -2/36 MP: 8/8
   675 | D        | Received a gift from Nemelex Xobeh
   689 | D        | Reached *** piety under Nemelex Xobeh
   693 | D        | Received a gift from Nemelex Xobeh
   740 | D        | Reached skill level 15 in Unarmed Combat
   750 | D        | Reached XP level 8. HP: 31/40 MP: 9/9
  1071 | D        | Reached skill level 16 in Unarmed Combat
  1167 | D        | Noticed a black mamba
  1168 | D        | Noticed a spiny frog
  1176 | D        | Killed a black mamba
  1176 | D        | Reached skill level 1 in Invocations
  1180 | D        | Reached XP level 9. HP: 37/45 MP: 10/10
  1186 | D        | Reached skill level 5 in Stealth
  1186 | D        | Reached skill level 17 in Unarmed Combat
  1448 | D        | Killed a spiny frog
  1568 | D        | Received a gift from Nemelex Xobeh
  1597 | D        | Killed a four-headed hydra
  1597 | D        | Reached skill level 18 in Unarmed Combat
  1736 | D        | Reached XP level 10. HP: 49/49 MP: 12/12
  1740 | D        | Killed a spiny frog
  1817 | D        | Reached skill level 19 in Unarmed Combat
  2331 | D        | Noticed an orc knight
  2335 | D        | Noticed an orc knight
  2568 | D        | Killed an orc knight
  2648 | D        | Killed an orc knight
  2753 | D        | Reached **** piety under Nemelex Xobeh
  3270 | D        | Noticed an orc knight
  3282 | D        | Killed an orc knight
  3282 | D        | Reached skill level 20 in Unarmed Combat
  3299 | D        | Found Gehuon's Assorted Antiques.
  3299 | D        | Noticed an orc knight
  3299 | D        | Noticed an orc knight
  3299 | D        | Noticed an orc knight
  3322 | D        | Killed an orc knight
  3322 | D        | Reached skill level 15 in Dodging
  3324 | D        | Reached skill level 10 in Stealth
  3325 | D        | Noticed an orc knight
  3333 | D        | Noticed an orc knight
  3339 | D        | Killed an orc knight
  3358 | D        | Killed an orc knight
  3358 | D        | Reached XP level 11. HP: 52/52 MP: 14/14
  3359 | D        | an orc knight changed into an eye of draining
  3365 | D        | Killed an orc knight
  3727 | D        | Found Ycamathej's Antique Weapon Shoppe.
  3731 | D        | Found Kampiuxt's Distillery.
  3735 | D        | Found Iptimeas's Antique Weapon Shoppe.
  3737 | D        | Noticed an orc knight
  3738 | D        | Noticed an orc knight
  3741 | D        | Noticed an orc knight
  3746 | D        | Killed an orc knight
  3755 | D        | Killed an orc knight
  3758 | D        | Killed an orc knight
  3758 | D        | Reached skill level 21 in Unarmed Combat
  3795 | D        | Bought a potion of heal wounds for 65 gold pieces
  3795 | D        | Bought a potion of haste for 130 gold pieces
  3795 | D        | Bought a potion of heal wounds for 65 gold pieces
  3795 | D        | Bought a potion of curing for 39 gold pieces
  3812 | D        | Received a gift from Nemelex Xobeh
  3831 | D        | Noticed Joseph
  3841 | D        | Killed Joseph
  3841 | D        | Reached skill level 5 in Invocations
  3858 | D        | Reached ***** piety under Nemelex Xobeh
  3858 | D        | Received a gift from Nemelex Xobeh
  3900 | D        | Received a gift from Nemelex Xobeh
  3939 | D        | Received a gift from Nemelex Xobeh
  3963 | D        | Noticed a deep elf mage
  3997 | D        | Killed a deep elf mage
  4003 | D        | Noticed an ettin
  4004 | D        | Noticed a stone giant
  4019 | D        | Noticed a death drake
  4019 | D        | a guardian serpent changed into a death drake
  4021 | D        | Killed a stone giant
  4026 | D        | Noticed a stone giant
  4029 | D        | Killed a death drake
  4266 | D        | Mangled by an ettin
  4267 | D        | Reached XP level 10. HP: -13/49 MP: 15/15
  4694 | D        | Killed by a card of wild magic
  4695 | D        | Reached XP level 9. HP: -2/45 MP: 14/14
  4695 | D        | Received a gift from Nemelex Xobeh
  4719 | D        | Noticed an anaconda
  4719 | D        | Noticed a shock serpent
  4719 | D        | Noticed a naga sharpshooter
  4719 | D        | Noticed a guardian serpent
  4719 | D        | Noticed a mana viper
  4719 | D        | Noticed a black mamba
  4720 | D        | Noticed a naga warrior
  4735 | D        | Killed a mana viper
  4739 | D        | Noticed a black mamba
  4740 | D        | Shot with a bolt by a naga sharpshooter

Skill      XL: |  1  2  3  4  5  6  7  8  9 10 11 |
---------------+----------------------------------+-----
Unarmed Combat | 6 7 9 12 15 16 18 20 21 | 21.8
Fighting       | 4 5 7 8 9 |  9.0
Dodging        | 5 6 7 10 12 13 14 15 | 15.7
Stealth        | 1 4 6 10 12 | 12.2
Invocations    | 1 3 6 |  6.6

Action                   |  1- 3 |  4- 6 |  7- 9 | 10-12 || total
-------------------------+-------+-------+-------+-------++-------
Melee: Unarmed           |    32 |    26 |   118 |   153 ||   329
       Bite              |     2 |     5 |    15 |    21 ||    43
       Punch             |       |     2 |    12 |    18 ||    32
Evoke: Deck              |       |       |     6 |    27 ||    33
  Use: Potion            |       |       |     2 |     3 ||     5
 Stab: Sleeping          |       |       |     1 |     2 ||     3
       Distracted        |       |       |       |     3 ||     3
  Eat: Meat ration       |       |       |       |     2 ||     2
       Chunk             |       |       |       |     2 ||     2
Armor: Skin              |     2 |       |     1 |       ||     3
Dodge: Dodged            |    24 |    16 |   124 |    92 ||   256
